 Dungeon Crawl Stone Soup version 0.25-a0-670-g50981ef59b (webtiles) character file.

Game seed: 14922638316888544640, levelgen mode: deterministic

101 Conn the Magician (level 4, 0/24 HPs)
             Began as a Deep Elf Wizard on Mar 29, 2020.
             Slain by a bat (1 damage)
             ... on level 2 of the Dungeon.
             The game lasted 00:10:51 (2826 turns).

Conn the Magician (Deep Elf Wizard)                 Turns: 2826, Time: 00:10:51

Health: 0/24       AC:  2    Str:  5    XL:     4   Next: 48%
Magic:  1/13       EV: 13    Int: 23    God:
Gold:   68         SH:  0    Dex: 13    Spells: 3/14 levels left

rFire    . . .     SeeInvis +   e - +1 dagger (speed)
rCold    . . .     Gourm    .   (no shield)
rNeg     . . .     Faith    .   a - +0 robe
rPois    .         Spirit   .   b - +0 hat
rElec    .         Reflect  .   (no cloak)
rCorr    .         Harm     .   (no gloves)
MR       .....                  (no boots)
Stlth    ++........             (no amulet)
HPRegen  0.08/turn              j - ring of see invisible
MPRegen  0.13/turn              (no ring)

@: lethally poisoned (0 -> -2), very slightly contaminated
A: no striking features
a: no special abilities


You were on level 2 of the Dungeon.
You were not hungry.

You visited 1 branch of the dungeon, and saw 2 of its levels.

You collected 68 gold pieces.

Inventory:

Hand Weapons
 c - a +0 dagger
 e - a +1 dagger of speed (weapon)
Missiles
 f - 3 datura-tipped darts (quivered)
 k - 7 poisoned darts
Armour
 a - a +0 robe (worn)
 b - a +0 hat (worn)
 m - a cursed +0 ring mail
Jewellery
 j - a ring of see invisible (left hand)
Wands
 n - a wand of enslavement (7)
Scrolls
 g - 3 scrolls of identify
 h - a scroll of noise {unknown}
 l - a scroll of fog {unknown}
Comestibles
 d - 3 rations
 i - a chunk of flesh


   Skills:
 + Level 0.5 Short Blades
 + Level 3.4 Dodging
 + Level 2.9 Stealth
 + Level 5.9 Spellcasting
 + Level 1.1 Conjurations
 + Level 1.2 Summonings
 + Level 1.7 Translocations
 + Level 0.8 Poison Magic


You had 3 spell levels left.
You knew the following spells:

 Your Spells              Type           Power        Failure   Level  Hunger
a - Magic Dart            Conj           ##..         5%          1    None
b - Blink                 Tloc           N/A          6%          2    None
c - Call Imp              Summ           ##......     8%          2    None
d - Conjure Flame         Conj/Fire      #.......     21%         3    #......
e - Mephitic Cloud        Conj/Pois/Air  #.......     21%         3    #......

Your spell library contained the following spells:

 Spells                   Type           Power        Failure   Level  Hunger
 Slow                     Hex            #.......     13%         2    None


Dungeon Overview and Level Annotations

Branches:
Dungeon (2/15)

Altars:
The Shining One


Message History

The adder barely misses your crimson imp.
The goblin hits you.
* * * LOW HITPOINT WARNING * * *
You hit the goblin but do no damage.
The goblin is heavily wounded.
The bat misses you.
Your crimson imp blinks!
Unknown command.
You hit the goblin.
You kill the goblin!
The bat misses you. The bat barely misses you.
* * * LOW HITPOINT WARNING * * *
You feel sick. The bat barely misses you.
Your crimson imp closely misses the adder.
The adder bites your crimson imp. The bat hits you but does no damage.
You hit the dart slug.
The dart slug is moderately wounded.
The bat hits you.
You die...

....#
#....#....#
..÷.#
#.#...#.###
#####
#...#..#.#
#.......#.[#
#........###
####..#.#####
..........Z.###
##....5S..b#†:#
#.....#.$#@###
#...#...#w###
#.#....#..ZS#
#.#......###.#
.....#.....# #
#......#.#.#
#....#. #. #
#.(...# ##
#.....


You could see an adder, a dart slug, a bat, an adder skeleton and a friendly
crimson imp.

Vanquished Creatures
  3 gnolls
  An adder (D:2)
  An ooze (D:2)
  2 worms (D:2)
  A dart slug (D:1)
  2 leopard geckos (D:1)
  A giant cockroach (D:1)
  3 goblins
  3 hobgoblins (D:1)
  3 jackals
  A ball python (D:2)
  7 bats
  3 frilled lizards
  5 kobolds
  5 rats (D:1)
41 creatures vanquished.

Vanquished Creatures (collateral kills)
  Terence (D:2)
  An adder (D:2)
  A kobold (D:2)
3 creatures vanquished.

Grand Total: 44 creatures vanquished

Notes
Turn   | Place    | Note
-------+----------+-------------------------------------------
     0 | D:1      | Conn the Deep Elf Wizard began the quest for the Orb.
     0 | D:1      | Reached XP level 1. HP: 10/10 MP: 7/7
   283 | D:1      | Reached skill level 5 in Spellcasting
   283 | D:1      | Reached XP level 2. HP: 13/15 MP: 10/10
   360 | D:1      | Learned a level 2 spell: Blink
   363 | D:1      | Learned a level 2 spell: Call Imp
   664 | D:1      | Found a glowing golden altar of the Shining One.
  1395 | D:1      | Reached XP level 3. HP: 19/19 MP: 11/11
  1454 | D:1      | Learned a level 3 spell: Conjure Flame
  1458 | D:1      | Learned a level 3 spell: Mephitic Cloud
  1504 | D:2      | Noticed Terence
  2379 | D:2      | Killed Terence
  2379 | D:2      | Reached XP level 4. HP: 16/24 MP: 2/13
  2825 | D:2      | HP: 1/24 [poisoned by an adder]
  2826 | D:2      | Slain by a bat

Levels and vault maps discovered:
D:1:      dpeg_arrival_boxorama, layout_loops_ring, tso_metal_star
D:2:      layout_loops_cross, nicolae_overflow_hidden_temple,
          minmay_increasing_density, uniq_natasha, uniq_terence

Skill      XL: |  1  2  3 |
---------------+----------+-----
Spellcasting   | 5 |  5.9
Dodging        | 3 |  3.4
Short Blades   | |  0.5
Stealth        | |  2.9
Conjurations   | |  1.1
Summonings     | |  1.2
Translocations | |  1.7
Poison Magic   | |  0.8

Action                   |  1- 3 |  4- 6 || total
-------------------------+-------+-------++-------
Melee: Dagger            |    57 |    18 ||    75
Throw: Dart              |     1 |       ||     1
 Cast: Magic Dart        |    62 |    21 ||    83
       Blink             |     6 |       ||     6
       Call Imp          |     5 |     5 ||    10
       Mephitic Cloud    |     1 |     1 ||     2
  Use: Scroll            |     4 |       ||     4
  Eat: Chunk             |     2 |       ||     2
       Ration            |     1 |       ||     1
Armor: Robe              |    19 |     3 ||    22
Dodge: Dodged            |    60 |    18 ||    78

Table legend:
 A = Non-vault XP
 B = Vault XP
 C = Vault XP percentage of total XP
 D = Non-vault monster count
 E = Vault monster count
 F = Vault count percentage of total count
                 A         B        C        D         E       F
            +---------+---------+-------+---------+---------+-------
      Total |     120 |      25 |  17.2 |      38 |       6 |  13.6
            +---------+---------+-------+---------+---------+-------
        D:1 |      52 |       0 |   0.0 |      25 |       0 |   0.0
        D:2 |      68 |      25 |  26.9 |      13 |       6 |  31.6
            +---------+---------+-------+---------+---------+-------
